| TOP OF THE 1ST |
|
Princeton Rays batting - Pitching for Cleveland (APP) Indians : RHP Jesus Montana
|
|
Pitching: RHP Jesus Montana
|
|
|
Batting: LHB Jonathan Spino
|
0-0: Called Strike 0-1: DOUBLE (Groundball, 3L, EV 94.4 MPH)
|
|
Batting: SHB Joshua Jackson
|
0-0: Ball 1-0: Foul Ball, location: 2F 1-1: SINGLE (Groundball, 15S, EV 70.6 MPH) (infield hit) Jonathan Spino to third
|
|
Batting: RHB Alex Diaz
|
0-0: Ball Joshua Jackson is caught stealing 2nd base 2-4 1-0: Ball 2-0: Ball 3-0: Foul Ball, location: 2F 3-1: Called Strike 3-2: Fly out, F7 (Line Drive, 7LM, EV 91.2 MPH) Runner from 3rd tags up, SCORES, throw by LF
|
|
Batting: LHB Rich Matthews
|
0-0: Ground out U3 (Groundball, 3, EV 85.6 MPH)
|
| Top of the 1st over - 1 run, 2 hits, 0 errors, 0 left on base; Princeton 1 - Cleveland (APP) 0 |
| BOTTOM OF THE 1ST |
|
Cleveland (APP) Indians batting - Pitching for Princeton Rays : RHP Chris Harman
|
|
Pitching: RHP Chris Harman
|
|
|
Batting: RHB Leo Candelas
|
0-0: Ball 1-0: Ball 2-0: Called Strike 2-1: Ground out 6-3 (Groundball, 6, EV 81.9 MPH)
|
|
Batting: RHB Jose Argueta
|
0-0: Ball 1-0: Foul Ball, location: 2F 1-1: Fly out, F8 (Line Drive, 8RM, EV 101.9 MPH)
|
|
Batting: RHB Justin Teague
|
0-0: Foul Ball, location: 2F 0-1: Foul Ball, location: 2F 0-2: Ball 1-2: Ball 2-2: Foul Ball, location: 2F 2-2: Ball 3-2: Ground out 3-1 (Groundball, 34, EV 80.6 MPH)
|
| Bottom of the 1st over - 0 runs, 0 hits, 0 errors, 0 left on base; Princeton 1 - Cleveland (APP) 0 |
| TOP OF THE 2ND |
|
Princeton Rays batting - Pitching for Cleveland (APP) Indians : RHP Jesus Montana
|
|
Batting: RHB John Downing
|
0-0: Ground out 6-3 (Groundball, 56, EV 102.5 MPH)
|
|
Batting: LHB Sean Banks
|
0-0: Ball 1-0: Ball 2-0: Called Strike 2-1: Ball 3-1: Foul Ball, location: 2F 3-2: Fly out, F8 (Flyball, 8LD, EV 98.8 MPH)
|
|
Batting: RHB Roberto Aispuro
|
0-0: Ball 1-0: Foul Ball, location: 2F 1-1: Ball 2-1: Foul Ball, location: 2F 2-2: Ground out 5-3 (Groundball, 25, EV 86.2 MPH)
|
| Top of the 2nd over - 0 runs, 0 hits, 0 errors, 0 left on base; Princeton 1 - Cleveland (APP) 0 |
| BOTTOM OF THE 2ND |
|
Cleveland (APP) Indians batting - Pitching for Princeton Rays : RHP Chris Harman
|
|
Batting: RHB Nick Gossman
|
0-0: Ball 1-0: Foul Ball, location: 2F 1-1: Swinging Strike 1-2: Foul Ball, location: 2F 1-2: Ground out 4-3 (Groundball, 4, EV 103.8 MPH)
|
|
Batting: RHB Joe Shade
|
0-0: Called Strike 0-1: Ball 1-1: Swinging Strike 1-2: Ball 2-2: Ball 3-2: Strikes out swinging
|
|
Batting: RHB Bill Ortiz
|
0-0: Called Strike 0-1: Ball 1-1: Ball 2-1: Ball 3-1: Base on Balls
|
|
Batting: RHB Aaron Stout
|
0-0: Ball 1-0: Called Strike Bill Ortiz steals 2nd base 1-1: Ball 2-1: Called Strike 2-2: DOUBLE (Line Drive, 89XD, EV 96.2 MPH) Bill Ortiz scores
|
|
Batting: RHB Jonathan Livingston
|
0-0: Called Strike 0-1: Fly out, F8 (Flyball, 8RD, EV 102.5 MPH)
|
| Bottom of the 2nd over - 1 run, 1 hit, 0 errors, 1 left on base; Princeton 1 - Cleveland (APP) 1 |
| TOP OF THE 3RD |
|
Princeton Rays batting - Pitching for Cleveland (APP) Indians : RHP Jesus Montana
|
|
Batting: RHB Jim Erdody
|
0-0: Called Strike 0-1: SINGLE (Flyball, 9LM, EV 104.4 MPH)
|
|
Batting: LHB Oscar Curiel
|
0-0: Called Strike 0-1: Foul Ball, location: 2F 0-2: Ball Wild Pitch! Jim Erdody to second 1-2: Ball 2-2: SINGLE (Flyball, 8RS, EV 90.6 MPH) Jim Erdody to third
|
|
Batting: LHB Jonathan Spino
|
0-0: Called Strike 0-1: Fielders Choice at 2nd, 6-4 (Groundball, 6S, EV 82.5 MPH) Jim Erdody scores
|
|
Batting: SHB Joshua Jackson
|
0-0: Called Strike 0-1: Called Strike Pickoff Throw by Catcher to First - Error! E2 Jonathan Spino to second 0-2: Foul Ball, location: 2F 0-2: Ball 1-2: Ball 2-2: Foul Ball, location: 2F 2-2: Foul Ball, location: 2F 2-2: Foul Ball, location: 2F 2-2: Ball Wild Pitch! Jonathan Spino to third 3-2: 2-RUN HOME RUN (Flyball, 7LD, EV 98.8 MPH), Distance : 346 ft
|
|
Batting: RHB Alex Diaz
|
0-0: Ball 1-0: Called Strike 1-1: Foul Ball, location: 2F 1-2: Foul Ball, location: 2F 1-2: Foul Ball, location: 2F 1-2: Ball 2-2: Foul Ball, location: 2F 2-2: Ball 3-2: Foul Ball, location: 2F 3-2: Fly out, F9 (Flyball, 9, EV 88.8 MPH)
|
|
Batting: LHB Rich Matthews
|
0-0: Called Strike 0-1: Fly out, F7 (Line Drive, 78S, EV 110.6 MPH)
|
| Top of the 3rd over - 3 runs, 3 hits, 1 error, 0 left on base; Princeton 4 - Cleveland (APP) 1 |
| BOTTOM OF THE 3RD |
|
Cleveland (APP) Indians batting - Pitching for Princeton Rays : RHP Chris Harman
|
|
Batting: RHB Tsega Haida
|
0-0: Ball 1-0: Swinging Strike 1-1: Ball 2-1: DOUBLE (Line Drive, 7LM, EV 93.8 MPH)
|
|
Batting: RHB Leo Candelas
|
0-0: Foul Ball, location: 2F 0-1: Ball 1-1: Ball Passed Ball! Tsega Haida to third 2-1: Ball Wild Pitch! Tsega Haida scores 3-1: Called Strike 3-2: Reached on error, E4 (Groundball, 34, EV 103.8 MPH)
|
|
Batting: RHB Jose Argueta
|
0-0: Called Strike 0-1: Foul Ball, location: 2F 0-2: Strikes out looking
|
|
Batting: RHB Justin Teague
|
0-0: Called Strike Leo Candelas steals 2nd base 0-1: Foul Ball, location: 2F 0-2: SINGLE (Flyball, 6D, EV 82.5 MPH) Leo Candelas to third
|
|
Batting: RHB Nick Gossman
|
0-0: Foul Ball, location: 2F 0-1: Fly out, F8 (Line Drive, 8RD, EV 91.9 MPH) Runner from 3rd tags up, SCORES, no throw by CF
|
|
Batting: RHB Joe Shade
|
0-0: Ball 1-0: Ball 2-0: DOUBLE (Line Drive, 9LM, EV 101.9 MPH) Justin Teague to third
|
|
Batting: RHB Bill Ortiz
|
0-0: Ground out 6-3 (Groundball, 6, EV 98.8 MPH)
|
| Bottom of the 3rd over - 2 runs, 3 hits, 1 error, 2 left on base; Princeton 4 - Cleveland (APP) 3 |
| TOP OF THE 4TH |
|
Princeton Rays batting - Pitching for Cleveland (APP) Indians : RHP Jesus Montana
|
|
Batting: RHB John Downing
|
0-0: Ball 1-0: Called Strike 1-1: SINGLE (Groundball, 4MS, EV 68.1 MPH) (infield hit)
|
|
Batting: LHB Sean Banks
|
0-0: Fly out, F8 (Flyball, 8LD, EV 105.0 MPH)
|
|
Batting: RHB Roberto Aispuro
|
0-0: Foul Ball, location: 2F 0-1: Ball 1-1: SINGLE (Flyball, 9S, EV 98.8 MPH) John Downing to second Runner from 2nd tries for 3rd, SAFE, throw by RF made to third
|
|
Pitching: RHP Luke Burnham
|
|
|
Batting: RHB Jim Erdody
|
0-0: SINGLE (Groundball, 56D, EV 101.2 MPH) John Downing scores Roberto Aispuro to second
|
|
Batting: LHB Oscar Curiel
|
0-0: Called Strike Roberto Aispuro is caught stealing 3rd base 2-5 0-1: Ball Wild Pitch! Jim Erdody to second 1-1: Foul Ball, location: 2F 1-2: Ground out 5-3 (Groundball, 56, EV 107.5 MPH)
|
| Top of the 4th over - 1 run, 3 hits, 0 errors, 1 left on base; Princeton 5 - Cleveland (APP) 3 |
| BOTTOM OF THE 4TH |
|
Cleveland (APP) Indians batting - Pitching for Princeton Rays : RHP Chris Harman
|
|
Batting: RHB Aaron Stout
|
0-0: Foul Ball, location: 2F 0-1: Ball 1-1: Ball 2-1: Foul Ball, location: 2F 2-2: Foul Ball, location: 2F 2-2: Foul Ball, location: 2F 2-2: Hit by Pitch
|
|
Batting: RHB Jonathan Livingston
|
0-0: Ball 1-0: Foul Ball, location: 2F 1-1: Ball 2-1: Foul Ball, location: 2F 2-2: SINGLE (Groundball, 6MD, EV 95.6 MPH) (infield hit) Aaron Stout to second
|
|
Batting: RHB Tsega Haida
|
0-0: Called Strike 0-1: Called Strike 0-2: Foul Ball, location: 2F 0-2: Ball 1-2: Foul Ball, location: 2F 1-2: Ball 2-2: Fielders Choice at 2nd, 4-6 (Groundball, 4, EV 83.1 MPH) Aaron Stout to third
|
|
Pitching: RHP Tim Inman
|
|
|
Batting: RHB Leo Candelas
|
0-0: Called Strike 0-1: Ball 1-1: Swinging Strike 1-2: Ball 2-2: Foul Ball, location: 2F 2-2: Ball Wild Pitch! Aaron Stout scores Tsega Haida to second 3-2: Strikes out swinging
|
|
Batting: RHB Jose Argueta
|
0-0: Ground out 6-3 (Groundball, 56, EV 88.1 MPH)
|
| Bottom of the 4th over - 1 run, 1 hit, 0 errors, 1 left on base; Princeton 5 - Cleveland (APP) 4 |
| TOP OF THE 5TH |
|
Princeton Rays batting - Pitching for Cleveland (APP) Indians : RHP Luke Burnham
|
|
Batting: LHB Jonathan Spino
|
0-0: Ball 1-0: Ball 2-0: Ball 3-0: Foul Ball, location: 2F 3-1: Base on Balls
|
|
Batting: SHB Joshua Jackson
|
0-0: Called Strike 0-1: Ball 1-1: Called Strike Jonathan Spino steals 2nd base (no throw) 1-2: Ball 2-2: 2-RUN HOME RUN (Line Drive, 8RXD, EV 116.9 MPH), Distance : 450 ft
|
|
Batting: RHB Alex Diaz
|
0-0: Ball 1-0: Called Strike 1-1: Ball 2-1: Ball 3-1: Base on Balls
|
|
Batting: LHB Rich Matthews
|
0-0: Called Strike 0-1: Called Strike 0-2: Hit by Pitch Alex Diaz to second
|
|
Batting: RHB John Downing
|
0-0: Ball 1-0: Ball 2-0: Foul Ball, location: 2F 2-1: SINGLE (Flyball, 7LS, EV 93.1 MPH) Alex Diaz to third Rich Matthews to second Runner from 3rd tries for Home, SAFE, throw by LF to home Rich Matthews to third John Downing to second
|
|
Batting: LHB Sean Banks
|
0-0: Ball 1-0: Foul Ball, location: 2F 1-1: Fly out, F8 (Flyball, 8LD, EV 86.2 MPH) Runner from 3rd tags up, SCORES, throw by CF John Downing to third
|
|
Batting: RHB Roberto Aispuro
|
0-0: Ball 1-0: Ground out 6-3 (Groundball, 6, EV 86.2 MPH) John Downing scores
|
|
Batting: RHB Jim Erdody
|
0-0: Ball 1-0: Ball 2-0: Called Strike 2-1: Called Strike 2-2: Ball 3-2: Base on Balls
|
|
Batting: LHB Oscar Curiel
|
0-0: Ball Jim Erdody steals 2nd base 1-0: Ball 2-0: Foul Ball, location: 2F 2-1: Ball 3-1: Foul Ball, location: 2F 3-2: Base on Balls
|
|
Batting: LHB Jonathan Spino
|
0-0: Ball Wild Pitch! Jim Erdody to third Oscar Curiel to second 1-0: 3-RUN HOME RUN (Flyball, 9D, EV 95.6 MPH), Distance : 386 ft
|
|
Pitching: RHP Tom Bemis
|
|
|
Batting: SHB Joshua Jackson
|
0-0: Ball 1-0: Ball 2-0: Ball 3-0: Base on Balls
|
|
Batting: RHB Alex Diaz
|
0-0: Ball 1-0: Called Strike 1-1: Ball 2-1: Foul Ball, location: 2F 2-2: Foul Ball, location: 2F 2-2: Ball 3-2: Base on Balls Joshua Jackson to second
|
|
Batting: LHB Rich Matthews
|
0-0: Ball 1-0: Foul Ball, location: 2F 1-1: Ball 2-1: Ball 3-1: 3-RUN HOME RUN (Flyball, 9LD, EV 95.0 MPH), Distance : 351 ft
|
|
Batting: RHB John Downing
|
0-0: SINGLE (Line Drive, 89S, EV 110.0 MPH)
|
|
Batting: LHB Sean Banks
|
0-0: Ball 1-0: SINGLE (Line Drive, 5D, EV 97.5 MPH) John Downing to second
|
|
Batting: RHB Roberto Aispuro
|
0-0: Ball Wild Pitch! John Downing to third Sean Banks to second 1-0: Foul Ball, location: 2F 1-1: Ball 2-1: Ball 3-1: Base on Balls
|
|
Batting: RHB Jim Erdody
|
0-0: Ball 1-0: Foul Ball, location: 2F 1-1: Ball 2-1: Fielders Choice at 2nd, 6-4 (Groundball, 6, EV 101.2 MPH)
|
| Top of the 5th over - 11 runs, 6 hits, 0 errors, 3 left on base; Princeton 16 - Cleveland (APP) 4 |
| BOTTOM OF THE 5TH |
|
Cleveland (APP) Indians batting - Pitching for Princeton Rays : RHP Tim Inman
|
|
Batting: RHB Justin Teague
|
0-0: SINGLE (Line Drive, 8LS, EV 93.1 MPH)
|
|
Batting: RHB Nick Gossman
|
0-0: Swinging Strike 0-1: Fly out, F7 (Flyball, 78D, EV 100.6 MPH)
|
|
Batting: RHB Joe Shade
|
0-0: Ball 1-0: Ball Justin Teague steals 2nd base 2-0: Foul Ball, location: 2F 2-1: Called Strike 2-2: Foul Ball, location: 2F 2-2: Foul Ball, location: 2F 2-2: Ball Wild Pitch! Justin Teague to third 3-2: Foul Ball, location: 2F 3-2: Foul Ball, location: 2F 3-2: Ground out 4-3 (Groundball, 34, EV 105.0 MPH) Justin Teague scores
|
|
Batting: RHB Bill Ortiz
|
0-0: Ball 1-0: Swinging Strike 1-1: Ground out 4-3 (Groundball, 4, EV 85.6 MPH)
|
| Bottom of the 5th over - 1 run, 1 hit, 0 errors, 0 left on base; Princeton 16 - Cleveland (APP) 5 |
| TOP OF THE 6TH |
|
Princeton Rays batting - Pitching for Cleveland (APP) Indians : RHP Tom Bemis
|
|
Batting: LHB Oscar Curiel
|
0-0: Swinging Strike 0-1: Ball 1-1: Ground out 1-3 (Groundball, 13S, EV 65.6 MPH)
|
|
Batting: LHB Jonathan Spino
|
0-0: Ball 1-0: Foul Ball, location: 2F 1-1: Foul Ball, location: 2F 1-2: Ground out 5-3 (Groundball, 56S, EV 93.8 MPH)
|
|
Batting: SHB Joshua Jackson
|
0-0: Swinging Strike 0-1: Ball 1-1: Ball 2-1: Ball 3-1: Base on Balls
|
|
Pitching: LHP Alberto Chavez
|
|
|
Batting: RHB Alex Diaz
|
0-0: Called Strike 0-1: Ball 1-1: Swinging Strike 1-2: Ball 2-2: Ball 3-2: Fly out, F7 (Line Drive, 7S, EV 91.2 MPH)
|
| Top of the 6th over - 0 runs, 0 hits, 0 errors, 1 left on base; Princeton 16 - Cleveland (APP) 5 |
| BOTTOM OF THE 6TH |
|
Cleveland (APP) Indians batting - Pitching for Princeton Rays : RHP Tim Inman
|
|
Batting: RHB Aaron Stout
|
0-0: Ball 1-0: Ball 2-0: Foul Ball, location: 2F 2-1: Foul Ball, location: 2F 2-2: Hit by Pitch
|
|
Batting: RHB Jonathan Livingston
|
0-0: Ball 1-0: Called Strike 1-1: Foul Ball, location: 2F 1-2: Strikes out swinging
|
|
Batting: RHB Tsega Haida
|
0-0: Swinging Strike 0-1: Ball 1-1: Ball 2-1: Ball 3-1: Foul Ball, location: 2F 3-2: Foul Ball, location: 2F 3-2: Strikes out swinging
|
|
Batting: RHB Leo Candelas
|
0-0: Ball Aaron Stout steals 2nd base 1-0: Ball 2-0: Ball 3-0: Called Strike 3-1: Base on Balls
|
|
Batting: RHB Jose Argueta
|
0-0: Ball 1-0: Ball 2-0: Ball 3-0: Called Strike 3-1: Swinging Strike 3-2: Foul Ball, location: 2F 3-2: Foul Ball, location: 2F 3-2: SINGLE (Groundball, 56S, EV 70.0 MPH) (infield hit) Aaron Stout to third Leo Candelas to second
|
|
Batting: RHB Justin Teague
|
0-0: Ball 1-0: SINGLE (Line Drive, 4MD, EV 102.5 MPH) Aaron Stout scores Leo Candelas to third Jose Argueta to second Runner from 3rd tries for Home, SAFE, throw by CF to home
|
|
Pitching: RHP Dumadi Kawilarang
|
|
|
Batting: RHB Nick Gossman
|
0-0: Swinging Strike 0-1: Ball 1-1: Ball 2-1: SINGLE (Groundball, 56D, EV 97.5 MPH) Jose Argueta to third Justin Teague to second Runner from 3rd tries for Home, SAFE, throw by LF to home
|
|
Batting: RHB Joe Shade
|
0-0: Called Strike 0-1: Fly out, F7 (Flyball, 78S, EV 91.2 MPH)
|
| Bottom of the 6th over - 3 runs, 3 hits, 0 errors, 2 left on base; Princeton 16 - Cleveland (APP) 8 |
| TOP OF THE 7TH |
|
Princeton Rays batting - Pitching for Cleveland (APP) Indians : LHP Alberto Chavez
|
|
Batting: LHB Rich Matthews
|
0-0: Ball 1-0: Ground out 4-3 (Groundball, 4, EV 87.5 MPH)
|
|
Batting: RHB John Downing
|
0-0: Foul Ball, location: 2F 0-1: Ball 1-1: Fly out, F3 (Line Drive, 3, EV 61.9 MPH)
|
|
Batting: LHB Sean Banks
|
0-0: Fly out, F8 (Line Drive, 89M, EV 86.2 MPH)
|
| Top of the 7th over - 0 runs, 0 hits, 0 errors, 0 left on base; Princeton 16 - Cleveland (APP) 8 |
| BOTTOM OF THE 7TH |
|
Cleveland (APP) Indians batting - Pitching for Princeton Rays : RHP Dumadi Kawilarang
|
|
Batting: RHB Bill Ortiz
|
0-0: Ball 1-0: Ground out 6-3 (Groundball, 6, EV 87.5 MPH)
|
|
Batting: RHB Aaron Stout
|
0-0: Ball 1-0: Called Strike 1-1: Swinging Strike 1-2: Strikes out looking
|
|
Batting: RHB Jonathan Livingston
|
0-0: Foul Ball, location: 2F 0-1: Swinging Strike 0-2: Foul Ball, location: 2F 0-2: Ball 1-2: Ball 2-2: Ball 3-2: Base on Balls
|
|
Batting: RHB Tsega Haida
|
0-0: Called Strike 0-1: Ball 1-1: SINGLE (Line Drive, 3D, EV 100.0 MPH) Jonathan Livingston to second Runner from 2nd tries for 3rd, SAFE, throw by RF made to third
|
|
Batting: RHB Leo Candelas
|
0-0: Ball 1-0: Ball 2-0: Foul Ball, location: 2F 2-1: Foul Ball, location: 2F 2-2: Strikes out swinging
|
| Bottom of the 7th over - 0 runs, 1 hit, 0 errors, 2 left on base; Princeton 16 - Cleveland (APP) 8 |
| TOP OF THE 8TH |
|
Princeton Rays batting - Pitching for Cleveland (APP) Indians : LHP Alberto Chavez
|
|
Batting: RHB Roberto Aispuro
|
0-0: Ball 1-0: Foul Ball, location: 2F 1-1: Called Strike 1-2: Ball 2-2: Ball 3-2: Base on Balls
|
|
Pinch Hitting: LHB Zach Rose
|
0-0: Ball 1-0: Ball 2-0: Called Strike 2-1: Ground out U3 (Groundball, 34, EV 104.4 MPH) Roberto Aispuro to second
|
|
Batting: LHB Oscar Curiel
|
0-0: Ball Wild Pitch! Roberto Aispuro to third 1-0: Foul Ball, location: 2F 1-1: Fly out, F8 (Flyball, 8RD, EV 102.5 MPH) Runner from 3rd tags up, SCORES, throw by CF
|
|
Batting: LHB Jonathan Spino
|
0-0: Called Strike 0-1: Foul Ball, location: 2F 0-2: Ball 1-2: Foul Ball, location: 2F 1-2: Ball 2-2: DOUBLE (Flyball, 8RXD, EV 97.5 MPH)
|
|
Pinch Hitting: RHB Gabe Higley
|
0-0: Called Strike 0-1: Swinging Strike 0-2: Foul Ball, location: 2F 0-2: Foul Ball, location: 2F 0-2: Strikes out swinging
|
| Top of the 8th over - 1 run, 1 hit, 0 errors, 1 left on base; Princeton 17 - Cleveland (APP) 8 |
| BOTTOM OF THE 8TH |
|
Cleveland (APP) Indians batting - Pitching for Princeton Rays : RHP Dumadi Kawilarang
|
|
Now at 2B: Gabe Higley
|
|
|
Now at 3B: Zach Rose
|
|
|
Now at SS: John Downing
|
|
|
Batting: RHB Jose Argueta
|
0-0: Called Strike 0-1: Ball 1-1: Ball 2-1: Foul Ball, location: 2F 2-2: Ball 3-2: Strikes out looking
|
|
Batting: RHB Justin Teague
|
0-0: Called Strike 0-1: Ball 1-1: Ground out U3 (Groundball, 34S, EV 82.5 MPH)
|
|
Batting: RHB Nick Gossman
|
0-0: DOUBLE (Flyball, 8LXD, EV 95.6 MPH)
|
|
Batting: RHB Joe Shade
|
0-0: Ball 1-0: SINGLE (Groundball, 34D, EV 101.2 MPH) Nick Gossman to third Runner from 3rd tries for Home, SAFE, throw by RF to home
|
|
Batting: RHB Bill Ortiz
|
0-0: Ball 1-0: Fly out, F4 (Popup, 13, EV 72.5 MPH)
|
| Bottom of the 8th over - 1 run, 2 hits, 0 errors, 1 left on base; Princeton 17 - Cleveland (APP) 9 |
| TOP OF THE 9TH |
|
Princeton Rays batting - Pitching for Cleveland (APP) Indians : LHP Alberto Chavez
|
|
Pinch Hitting: RHB Bobby Ross
|
0-0: SINGLE (Groundball, 6MD, EV 103.8 MPH)
|
|
Batting: LHB Rich Matthews
|
0-0: Called Strike 0-1: Foul Ball, location: 2F 0-2: SINGLE (Line Drive, 34D, EV 95.6 MPH) Bobby Ross to second Runner from 2nd tries for 3rd, SAFE, throw by RF made to third
|
|
Batting: RHB John Downing
|
0-0: DOUBLE (Groundball, 5L, EV 106.2 MPH) Bobby Ross scores Rich Matthews to third Runner from 3rd tries for Home, SAFE, no throw by LF
|
|
Pitching: RHP Santiago Chavira
|
|
|
Batting: LHB Sean Banks
|
0-0: Called Strike 0-1: Ball 1-1: Ball 2-1: Swinging Strike 2-2: Ball Wild Pitch! John Downing to third 3-2: Fly out, F7 (Flyball, 78D, EV 101.2 MPH) Runner from 3rd tags up, OUT at HOME! 7-2
|
|
Batting: RHB Roberto Aispuro
|
0-0: Called Strike 0-1: Ball 1-1: Foul Ball, location: 2F 1-2: Foul Ball, location: 2F 1-2: Ball 2-2: Ground out 5-3 (Groundball, 56S, EV 91.2 MPH)
|
| Top of the 9th over - 2 runs, 3 hits, 0 errors, 0 left on base; Princeton 19 - Cleveland (APP) 9 |
| BOTTOM OF THE 9TH |
|
Cleveland (APP) Indians batting - Pitching for Princeton Rays : RHP Dumadi Kawilarang
|
|
Now at C: Bobby Ross
|
|
|
Batting: RHB Aaron Stout
|
0-0: Ball 1-0: Ball 2-0: Called Strike 2-1: Foul Ball, location: 2F 2-2: Ball 3-2: Foul Ball, location: 2F 3-2: Fly out, F3 (Line Drive, 34, EV 72.5 MPH)
|
|
Pitching: RHP David Espinosa
|
|
|
Batting: RHB Jonathan Livingston
|
0-0: Called Strike 0-1: Called Strike 0-2: Ball 1-2: Ball 2-2: DOUBLE (Line Drive, 9LS, EV 93.1 MPH)
|
|
Batting: RHB Tsega Haida
|
0-0: Ball 1-0: Called Strike 1-1: Ball 2-1: Ball 3-1: Called Strike 3-2: Ground out 6-3 (Groundball, 6, EV 82.5 MPH)
|
|
Batting: RHB Leo Candelas
|
0-0: Ground out 5-3 (Groundball, 56, EV 89.4 MPH)
|
| Bottom of the 9th over - 0 runs, 1 hit, 0 errors, 1 left on base; Princeton 19 - Cleveland (APP) 9 |
|